 Dungeon Crawl Stone Soup version 0.23-a0-642-g3120c2f (console) character file.

137 Duffy the Firebug (level 5, 31/35 HPs)
             Began as a Demonspawn Fire Elementalist on Dec 30, 2018.
             Quit the game on level 2 of the Dungeon.
             The game lasted 00:02:18 (2569 turns).

Duffy the Firebug (Demonspawn Fire Elementalist)    Turns: 2569, Time: 00:02:18

Health: 31/35      AC:  5    Str:  8    XL:     5   Next: 0%
Magic:  0/9        EV: 12    Int: 17    God:
Gold:   78         SH:  0    Dex: 14    Spells: 9/10 levels left

rFire    . . .     SeeInvis .   (no weapon)
rCold    + . .     Gourm    .   (no shield)
rNeg     . . .     Faith    .   a - +0 robe
rPois    .         Spirit   .   l - +1 helmet
rElec    .         Reflect  .   (no cloak)
rCorr    .         Harm     .   h - +0 pair of gloves
MR       .....                  (no boots)
Stlth    +.........             (no amulet)
HPRegen  0.11/turn              f - ring of attention (curse)
MPRegen  0.11/turn              (no ring)

@: very slightly contaminated
A: hooves 1, cold resistance 1
a: no special abilities


You were on level 2 of the Dungeon.
You were not hungry.

You visited 1 branch of the dungeon, and saw 2 of its levels.

You collected 78 gold pieces.

Inventory:

Armour
 a - a +0 robe (worn)
 h - a +0 pair of gloves (worn)
 l - a +1 helmet (worn)
Jewellery
 f - a cursed ring of attention (left hand)
Scrolls
 b - 3 scrolls of identify {unknown}
 e - a scroll of amnesia {unknown}
 g - 3 scrolls of remove curse {unknown}
 k - 2 scrolls of teleportation {unknown}
 o - a scroll of fog {unknown}
Potions
 i - a potion of brilliance {unknown}
 j - a potion of resistance {unknown}
 m - a potion of cancellation {unknown}
 n - a potion of curing {unknown}
 p - a potion of invisibility {unknown}
Comestibles
 c - 5 rations
 d - 6 chunks of flesh


   Skills:
 - Level 1.7 Dodging
 - Level 1.7 Stealth
 + Level 3.1 Spellcasting
 + Level 2.8 Conjurations
 + Level 3.7 Fire Magic


You had 9 spell levels left.
You knew the following spells:

 Your Spells              Type           Power        Failure   Level  Hunger
h - Flame Tongue          Conj/Fire      ##...        4%          1    None

Your spell library contained the following spells:

 Spells                   Type           Power        Failure   Level  Hunger
 Throw Flame              Conj/Fire      ##....       7%          2    ##.....
 Conjure Flame            Conj/Fire      ##......     14%         3    ###....
 Inner Flame              Hex/Fire       #.......     24%         3    ###....
 Sticky Flame             Conj/Fire      ##......     41%         4    ####...
 Fireball                 Conj/Fire      ##........   77%         5    ######.


Dungeon Overview and Level Annotations

Branches:
Dungeon (2/15)

Altars:
Ru


Innate Abilities, Weirdness & Mutations

You have large cloven feet.
Your flesh is cold resistant. (rC+)


Message History

You hit the giant cockroach but do no damage.
The giant cockroach is almost dead.
The giant cockroach barely misses you.
You barely miss the giant cockroach. Your kick misses the giant cockroach.
The giant cockroach is almost dead.
The giant cockroach misses you.
You hit the giant cockroach but do no damage.
The giant cockroach is almost dead.
The giant cockroach bites you but does no damage.
Casting: Flame Tongue (safe; 4% risk of failure)
Confirm with . or Enter, or press ? or * to list all spells.
Aiming: Flame Tongue (safe; 4% risk of failure)
Press: ? - help, Shift-Dir - straight line, f - giant cockroach
Aim: a giant cockroach (almost dead, clinging)
The flame tongue hits the giant cockroach.
You kill the giant cockroach!
You have reached level 5!
Your demonic ancestry asserts itself...
You feel resistant to cold.
Are you sure you want to abandon this character and quit the game? (Confirm

... ..# ######## ...# ..#
#......# ..... #.# #......#
#._.## #.# #......# .....##.#
#.(....# #..s#..#######......#
#..)#...............#
######'.######........#
.............)@.#......#######
###.#......######......#.....#
.....####...####...(%.#.)...#
...............).....(......#
...######.##......######..)..#
..........#######...# ###..##
...#####........<...#######.#
# ###.#######............ #
#..## ##.#######..#.


There were no monsters in sight!

Vanquished Creatures
  An orc wizard (D:2)
  Robin (D:1)
  3 adders (D:2)
  2 oozes (D:1)
  A dart slug (D:2)
  A worm (D:2)
  A leopard gecko (D:1)
  5 giant cockroaches
  12 goblins
  7 hobgoblins
  2 quokkas (D:2)
  2 ball pythons
  4 bats
  3 frilled lizards
  8 kobolds
  8 rats
61 creatures vanquished.

Notes
Turn   | Place    | Note
-------+----------+-------------------------------------------
     0 | D:1      | Duffy the Demonspawn Fire Elementalist began the quest for
                  | the Orb.
     0 | D:1      | Reached XP level 1. HP: 13/13 MP: 3/3
   533 | D:1      | Gained mutation: You have large cloven feet. [demonic
                  | ancestry]
   533 | D:1      | Reached XP level 2. HP: 19/19 MP: 0/5
  1364 | D:2      | Reached XP level 3. HP: 24/24 MP: 4/6
  1521 | D:2      | Noticed Robin
  1674 | D:1      | Killed Robin
  2031 | D:2      | Reached XP level 4. HP: 30/30 MP: 5/8
  2288 | D:2      | Found a sacrificial altar of Ru.
  2568 | D:2      | Gained mutation: Your flesh is cold resistant. (rC+)
                  | [demonic ancestry]
  2568 | D:2      | Reached XP level 5. HP: 31/35 MP: 0/9
  2569 | D:2      | Quit the game

Vault maps used:
D:1:      minmay_arrival_four_houses
D:2:      nicolae_ru_great_annihilating_truth, uniq_robin

Skill      XL: |  1  2  3  4 |
---------------+-------------+-----
Fire Magic     | 3 |  3.7
Conjurations   | 2 |  2.8
Spellcasting   | 3 |  3.1
Dodging        | |  1.7
Stealth        | |  1.7

Action                   |  1- 3 |  4- 6 || total
-------------------------+-------+-------++-------
Melee: Unarmed           |    26 |    23 ||    49
       Kick              |     4 |     3 ||     7
 Cast: Flame Tongue      |    74 |    39 ||   113
  Eat: Chunk             |     4 |     2 ||     6
Armor: Robe              |    25 |    16 ||    41
Dodge: Dodged            |    41 |    33 ||    74

Table legend:
 A = Non-vault XP
 B = Vault XP
 C = Vault XP percentage of total XP
 D = Non-vault monster count
 E = Vault monster count
 F = Vault count percentage of total count
                 A         B        C        D         E       F
            +---------+---------+-------+---------+---------+-------
      Total |     118 |      78 |  39.8 |      45 |      16 |  26.2
            +---------+---------+-------+---------+---------+-------
        D:1 |      40 |      23 |  36.5 |      21 |       6 |  22.2
        D:2 |      78 |      55 |  41.4 |      24 |      10 |  29.4
            +---------+---------+-------+---------+---------+-------
